Workbook
Name __xlnm.Print_Area: APCPI!$B$1:$H$111
Name __xlnm.Print_Area: criteria!$A$2:$I$88
Name __xlnm.Print_Area: Questionnaire!$A$1:$O$305
Name __xlnm.Print_Titles: APCPI!$3:$12
Name __xlnm.Print_Titles: CPMR!$1:$7
Name __xlnm.Print_Titles: 'CPMR blank'!$1:$7
Name Z_1FBE1439_712E_4F1F_8734_C0F60C32FC39_.wvu.Cols: APCPI!$G:$G
Name Z_1FBE1439_712E_4F1F_8734_C0F60C32FC39_.wvu.PrintArea: APCPI!$B$3:$H$112
Name Z_1FBE1439_712E_4F1F_8734_C0F60C32FC39_.wvu.PrintTitles: APCPI!$11:$12
Name Z_511DDB7A_0108_47AF_BDC0_50C030786F44_.wvu.Cols: #N/A
Name Z_511DDB7A_0108_47AF_BDC0_50C030786F44_.wvu.Cols: #N/A
Name Z_5208ADA2_3049_4C00_9E1D_1ECE93EDFFD9_.wvu.Cols: APCPI!$G:$G
Name Z_5208ADA2_3049_4C00_9E1D_1ECE93EDFFD9_.wvu.PrintArea: APCPI!$B$3:$H$112
Name Z_5208ADA2_3049_4C00_9E1D_1ECE93EDFFD9_.wvu.PrintTitles: APCPI!$11:$12
Name Z_7414CDCE_B93D_4AED_9A6E_7DF972EB0E7C_.wvu.Cols: APCPI!$G:$G
Name Z_7414CDCE_B93D_4AED_9A6E_7DF972EB0E7C_.wvu.PrintArea: APCPI!$B$3:$H$112
Name Z_7414CDCE_B93D_4AED_9A6E_7DF972EB0E7C_.wvu.PrintTitles: APCPI!$11:$12
Name Z_8E31F905_7A8F_4207_9403_1AFFE45BC3EA_.wvu.Cols: #N/A
Name Z_8E31F905_7A8F_4207_9403_1AFFE45BC3EA_.wvu.Cols: #N/A
Name Z_9E59C752_5E12_483C_BD5C_E30E342F93EE_.wvu.Cols: #N/A
Name Z_9E59C752_5E12_483C_BD5C_E30E342F93EE_.wvu.Cols: #N/A
Name Z_A9E7B955_7A46_4D7E_8485_CA89A67AA3A2_.wvu.Cols: #N/A
Name Z_A9E7B955_7A46_4D7E_8485_CA89A67AA3A2_.wvu.Cols: #N/A
Name Z_B833247E_1C5D_414F_A631_7C276B107EC8_.wvu.Cols: APCPI!$G:$G
Name Z_B833247E_1C5D_414F_A631_7C276B107EC8_.wvu.PrintArea: APCPI!$B$3:$H$112
Name Z_B833247E_1C5D_414F_A631_7C276B107EC8_.wvu.PrintTitles: APCPI!$11:$12
Name Z_C12A0D5A_0B26_EA4E_8404_1DDC84A69C4E_.wvu.Cols: #N/A
Name Z_C12A0D5A_0B26_EA4E_8404_1DDC84A69C4E_.wvu.Cols: #N/A
Name Z_F805627A_B178_40DF_B585_0CC4F12C0AD8_.wvu.Cols: #N/A
Name Z_F805627A_B178_40DF_B585_0CC4F12C0AD8_.wvu.Cols: #N/A
Name Z_FF9B173B_48BB_4BFB_8A7A_6A560D290847_.wvu.Cols: APCPI!$G:$G
Name Z_FF9B173B_48BB_4BFB_8A7A_6A560D290847_.wvu.PrintArea: APCPI!$B$3:$H$112
Name Z_FF9B173B_48BB_4BFB_8A7A_6A560D290847_.wvu.PrintTitles: APCPI!$11:$12

Sheet CPMR blank
A1: ANNEX B
A2: GOVERNMENT PROCUREMENT POLICY BOARD
A3: CONSOLIDATED PROCUREMENT MONITORING REPORT
A6: Name of Agency: PHILIPPINE NORMAL UNIVERSITY MINDANAO | N6: Period Covered: CY 2022
B11: Total Amount of Approved APP | C11: Total Number of Procurement Activities | D11: No. of Contracts Awarded | E11: Total Amount of Contracts Awarded | F11: No. of Failed Biddings | G11: Total No. of Entities who Acquired Bid Docs | H11: Total No. of Bidders who Submitted Bids | I11: Total No. of Bidders who passed Eligibility Stage | J11: No. of Bid Opportunities Posted at PhilGEPS | K11: No. of Contract Award Posted at PhilGEPS | M11: Total No. Of Contracts that incurred negative slippage | N11: Total No. of contracts with amendments to order or variation orders | O11: Ave. No. of Days for Approval of Resolution/Issuance of Notice of Award | P11: No. of Contracts with Observers Attending | Q11: No. of Contracts with COA Observers Attending | R11: Ave. No.of Days to Resolve Requests for Reconsiderations / Protests | S11: No. of Contracts Awarded within prescribed timeframes
A12: Column 1 | B12: Column 2 | C12: Column 3 | D12: Column 4 | E12: Column 5 | F12: Column 6 | G12: Column 7 | H12: Column 8 | I12: Column 9 | J12: Column 10 | K12: Column 11 | M12: Column 12 | N12: Column 13 | O12: Column 14 | P12: Column 15 | Q12: Column 16 | R12: Column 17 | S12: Column 14
A13: 1. Public Bidding* | L13: 1. Public Bidding*
A14: 1.1. Goods
A15: 1.2. Works
A16: 1.3. Consulting Services
A17: Sub-Total | B17: =SUM(B14:B16) -> 0 | C17: =SUM(C14:C16) -> 0 | D17: =SUM(D14:D16) -> 0 | E17: =SUM(E14:E16) -> 0 | F17: =SUM(F14:F16) -> 0 | G17: =SUM(G14:G16) -> 0 | H17: =SUM(H14:H16) -> 0 | I17: =SUM(I14:I16) -> 0 | ... K17: =SUM(K14:K16) -> 0 | L17: Sub-Total | M17: =SUM(M14:M16) -> 0 | N17: =SUM(N14:N16) -> 0 | O17: N/A | P17: =SUM(P14:P16) -> 0 | Q17: =SUM(Q14:Q16) -> 0 | R17: =AVERAGE(R14:R16) -> #DIV/0! | S17: =SUM(S14:S16) -> 0
A18: 2. Alternative Modes | L18: 2. Alternative Modes
A19: 2.1.1 Shopping (52.1 a above 50K) | L19: 2.1.1 Shopping (52.1 a above 50K)
A20: 2.1.2 Shopping (52.1 b above 50K) | L20: 2.1.2 Shopping (52.1 b above 50K)
A21: 2.1.3 Other Shopping | L21: 2.1.3 Other Shopping
A22: 2.2.1 Direct Contracting (above 50K) | L22: 2.2.1 Direct Contracting (above 50K)
A23: 2.2.2 Direct Contracting (50K or less) | L23: 2.2.2 Direct Contracting (50K or less)
A24: 2.3.1 Repeat Order (above 50K) | L24: 2.3.1 Repeat Order (above 50K)
A25: 2.3.2 Repeat Order (50K or less) | L25: 2.3.2 Repeat Order (50K or less)
A26: 2.4. Limited Source Bidding | L26: 2.4. Limited Source Bidding
A27: 2.5.1 Negotiation (Common-Use Supplies) | L27: 2.5.1 Negotiation (Common-Use Supplies)
A28: 2.5.2 Negotiation (Recognized Government Printers) | L28: 2.5.2 Negotiation (Recognized Government Printers)
A29: 2.5.3 Negotiation (TFB 53.1) | L29: 2.5.3 Negotiation (TFB 53.1)
... A32: 2.5.6 Other Negotiated Procurement (50K or less) | L32: 2.5.6 Other Negotiated Procurement (50K or less)
A33: Sub-Total | B33: =SUM(B19:B32) -> 0 | C33: =SUM(C19:C32) -> 0 | D33: =SUM(D19:D32) -> 0 | E33: =SUM(E19:E32) -> 0 | J33: =SUM(J20:J31) -> 0 | K33: =SUM(K19:K32) -> 0 | L33: Sub-Total
A34: 3. Foreign Funded Procurement** | L34: 3. Foreign Funded Procurement**
A35: 3.1. Publicly-Bid | L35: 3.1. Publicly-Bid
A36: 3.2. Alternative Modes | L36: 3.2. Alternative Modes
A37: Sub-Total | B37: =SUM(B35:B36) -> 0 | C37: =SUM(C35:C36) -> 0 | D37: =SUM(D35:D36) -> 0 | E37: =SUM(E35:E36) -> 0 | L37: Sub-Total
A38: 4. Others, specify: | L38: 4. Others, specify:
A39: TOTAL | B39: =B17+B33+B37+B38 -> 0 | C39: =C17+C33+C37+C38 -> 0 | D39: =D17+D33+D37+D38 -> 0 | E39: =E17+E33+E37+E38 -> 0 | L39: TOTAL
A41: * Should include foreign-funded publicly-bid projects per procurement type | L41: * Should include foreign-funded publicly-bid projects per procurement type
A42: ** All procurement using Foreign Funds excluding National Competitive Bidding (NCB) contracts; conversion to peso will be at BSP rates at the time the bids/quotations were submitted | L42: ** All procurement using Foreign Funds excluding National Competitive Bidding (NCB) contracts; conversion to peso will be at BSP rates at the time the bids/quotations were submitted
O44: _________________________________
O45: Designation
A47: JOYCE L. PAMISA | G47: ADELYNE M. COSTELO-ABREA
A48: Head, BAC Secretariat | G48: BAC Chair | N48: (Designation)
K50: =(K19+K26+K29+K30)/(D19+D26+D29+D30) -> #DIV/0!

Sheet how to fill-up
A1: How to fill-up the AutoChecker
A3: þ What you need:
A4: þ Documents for the year being assessed
A5: o APP (preferably in excel format)
A6: o 1st and 2nd Semeter PMRs (preferably in excel format)
A7: o Abstracts of quotations
A8: o Office Orders for BAC, Secretariat, IAS/IAU, various policy implementations
A9: o GEPS summary of posted opportunities and awards
A10: o Proofs of training
A11: o Documentation on the participation of bidders
A12: o Procurement-related AOMs
A14: þ Knowledge of agency/office practices concerning
... A28: 1. Please indicate the agency name, date of completion of self-assessment, name of evaluator and permanent
B29: position.
A30: 2. If any explanation is needed for the result of each sub-indicator, these may be inputted in the
B31: Comments/Findings column.
A32: 3. APCPI Rating is based on the APCPI Rating System found in Annex C of the User's Guide.
B33: Use this rating system for the self-assessment. After completing the assessment, identify those
B34: Sub-indicators with ratings between 0 to 2 and formulate a procurement capacity development plan
B35: called the APCPI Action Plan based on the attached format and submit to GPPB for monitoring.
A37: þ Filling-up Annex B.1 – Consolidated Procurement Monitoring Report (CPMR) (CPMR worksheet)
A38: 1. Please indicate the assessment year whose data and information is being collated and assessed.
A39: 2. In Column 2, record the ABCs of all projects, activities and programs as consolidated per method of
B40: procurement as classified in the APP.
A41: Note: In Row 2.1.3 (Others – Shopping), these are items procured through Sections 52.1 a and b
B42: with ABCs PhP 50,000.00 or less.
A43: Note: In Row 2.2.1 and 2.2.2 (Direct Contracting), include procurement under WETI Guidelines only
B44: if these were procured within the year being assessed.
A45: Note: In Rows 2.5.5 and 2.5.6 (Others – Negotiated Procurement), these are items procured through
B46: other modes under Section 53 divided further by those with ABCs above PhP 50,000 or those with
B47: ABCs PhP 50,000.00 or less.
A48: 3. In Column 3, record the quantity of all projects, activities and programs as consolidated per method of
B49: procurement, corresponding to the amount recorded in Column 2.
A50: Note: Items procured by lot shall be counted on a per lot basis.
A51: 4. In column 4, record the quantity of all awarded projects, activities and programs as consolidated per
B52: method of procurement, corresponding to the procurement activity it is included.
A53: 5. In Column 5, record the Amount of Award of all projects, activities and programs as consolidated per
B54: method of procurement as classified in the PMR.
A55: 6. In Column 6, record the quantity of all failed projects, activities and programs as consolidated per method
B56: of procurement, corresponding to the procurement activity it is included.
A57: Note: Once a procurement activity has been declared failed, its activity has already ended. If rebidding
B58: commences, it will be counted as a different procurement activity. Hence, another count is added to
B59: Column 3 but not necessarily for Column 2, unless there is adjustment of ABC, in which case the
B60: adjusted additional amount of the ABC should only be counted.
A61: 7. In Column 7, record the total number of companies, suppliers, contractors, firms, individual
B62: consultants or bidders that have acquired bidding documents for each procurement activity given in
B63: Column 3 for each type of public bidding.
A64: Note: If bidding documents are free, include the number of acquisitions per procurement activity in
B65: PhilGEPS to the number originally obtain from actual count.
A66: 8. In Column 8, record the total number of companies, suppliers, contractors, firms, individual
B67: consultants or bidders that have submitted their bids for each procurement activity given in Column 3
B68: and out of the number given in Column 7.
A69: Note: The number in Column 8 may only be less than or equal to entry in Column 7.
A70: 9. In Column 9, record the total number of companies, suppliers, contractors, firms, individual
B71: consultants or bidders that have passed evaluation of submitted legal and technical documents for
B72: each procurement activity given in Column 3 and out of the number given in Column 8.
A73: Note: The number in Column 9 may only be less than or equal to entry in Column 8.
A74: 10. In Column 10, record the quantity of all projects, activities and programs as consolidated per method of
B75: procurement, which should not exceed the recorded number in Column 3, as published in PhilGEPS.
A76: Note: Posting multiple lots or line items at a single time are done for efficiency purposes. Like posting
B77: of an individual procurement opportunity, multiples should be counted as multiple postings since
B78: these correspond to entries counted in Columns 2 to 6.
A79: 11. In Column 11, record the quantity of all awarded projects, activities and programs as consolidated per
B80: method of procurement, which should not exceed the recorded number in Column 4, as a published
B81: opportunity in PhilGEPS.
A82: Note: Posting awards for multiple lots or line items at a single time are done for efficiency purposes.
B83: Like posting of an individual awarded procurement, multiples should be counted as multiple postings
B84: since these correspond to entries counted in Columns 2 to 6, regardless of the number of winning
B85: companies, suppliers, contractors, firms or individual bidders.
A86: 12. In Column 12, record the quantity of all awarded projects, activities and programs that incurred
B87: negative slippage during delivery corresponding to the awarded quantities declared in Column 4.
A88: Note: Negative slippage is commonly identified as any delay in the scheduled delivery of items, phases,
B89: services and/or the like.
A90: 13. In Column 13, record the quantity of all awarded projects, activities and programs that have
B91: amendments or variations before the delivery corresponding to the awarded quantities declared in
B92: Column 4.
A93: Note: Amendment or variation order is commonly identified as any change in design or specification
B94: before the delivery of items, phases, services and/or the like.
A95: 14. In Column 14, record the quantity of all awarded projects, activities and programs that have been
B96: realized into a contract three (3) months from the opening of bids up to the award of contract
B97: which should not exceed the awarded quantities declared in Column 4.
A99: þ Filling-up Annex B.2 – APCPI Questionnaire (Questionnaire worksheet)
A100: 1. Please indicate agency name, date of completion, name of respondent and permanent position.
A101: Note: Use mm/dd/yy as date format for all date entries.
A102: 2. Follow instructions as indicated.
A103: Note: Mark each criterion tick box only if it is met by the agency. Leave tick box blank only if agency does not
B104: comply to corresponding criterion.
A106: þ Filling-up Annex C - APCPI Revised Scoring and Rating System (criteria worksheet)
A107: 1. For reference only on the rating equivalences for Annex A scores. No need to accomplish and
B108: submit.
A110: þ Filling-up Annex D – Procurement Capacity Development Action Plan
A111: 1. Please indicate agency name and date of completion.
A112: 2. Follow instruction number 3 of Annex A.
A113: 3. Input data accordingly.
A114: Note: Prioritize Action Plan/s for sub-indicator/s in red text.

Sheet CPMR
A1: ANNEX B
A2: GOVERNMENT PROCUREMENT POLICY BOARD
A3: CONSOLIDATED PROCUREMENT MONITORING REPORT
A6: Name of Agency: PHILIPPINE NORMAL UNIVERSITY MINDANAO | N6: Period Covered: CY 2023
B11: Total Amount of Approved APP | C11: Total Number of Procurement Activities | D11: No. of Contracts Awarded | E11: Total Amount of Contracts Awarded | F11: No. of Failed Biddings | G11: Total No. of Entities who Acquired Bid Docs | H11: Total No. of Bidders who Submitted Bids | I11: Total No. of Bidders who passed Eligibility Stage | J11: No. of Bid Opportunities Posted at PhilGEPS | K11: No. of Contract Award Posted at PhilGEPS | M11: Total No. Of Contracts that incurred negative slippage | N11: Total No. of contracts with amendments to order or variation orders | O11: Ave. No. of Days for Approval of Resolution/Issuance of Notice of Award | P11: No. of Contracts with Observers Attending | Q11: No. of Contracts with COA Observers Attending | R11: Ave. No.of Days to Resolve Requests for Reconsiderations / Protests | S11: No. of Contracts Awarded within prescribed timeframes
A12: Column 1 | B12: Column 2 | C12: Column 3 | D12: Column 4 | E12: Column 5 | F12: Column 6 | G12: Column 7 | H12: Column 8 | I12: Column 9 | J12: Column 10 | K12: Column 11 | M12: Column 12 | N12: Column 13 | O12: Column 14 | P12: Column 15 | Q12: Column 16 | R12: Column 17 | S12: Column 14
A13: 1. Public Bidding* | L13: 1. Public Bidding*
A14: 1.1. Goods | B14: =1575000+1800000+1134000 -> 4509000 | C14: 5 | D14: 2 | E14: =1334670.48+1750885.68 -> 3085556.2 | F14: 2 | G14: 3 | H14: 3 | I14: 3 | J14: 5 | K14: 3 | M14: 0 | N14: 0 | S14: 2
A15: 1.2. Works | B15: 0 | C15: 0 | D15: 0 | E15: 0 | F15: 0 | G15: 0 | H15: 0 | I15: 0 | J15: 0 | K15: 0 | L15: 1.2. Works | M15: 0 | N15: 0 | S15: 0
A16: 1.3. Consulting Services | B16: 0 | C16: 0 | D16: 0 | E16: 0 | F16: 0 | G16: 0 | H16: 0 | I16: 0 | J16: 0 | K16: 0 | L16: 1.3. Consulting Services | M16: 0 | N16: 0 | S16: 0
A17: Sub-Total | B17: =SUM(B14:B16) -> 4509000 | C17: =SUM(C14:C16) -> 5 | D17: =SUM(D14:D16) -> 2 | E17: =SUM(E14:E16) -> 3085556.2 | F17: =SUM(F14:F16) -> 2 | G17: =SUM(G14:G16) -> 3 | H17: =SUM(H14:H16) -> 3 | I17: =SUM(I14:I16) -> 3 | ... K17: =SUM(K14:K16) -> 3 | L17: Sub-Total | M17: =SUM(M14:M16) -> 0 | N17: =SUM(N14:N16) -> 0 | O17: N/A | P17: =SUM(P14:P16) -> 0 | Q17: =SUM(Q14:Q16) -> 0 | R17: =AVERAGE(R14:R16) -> #DIV/0! | S17: =SUM(S14:S16) -> 2
A18: 2. Alternative Modes | L18: 2. Alternative Modes
A19: 2.1.1 Shopping (52.1 a above 50K) | B19: 0 | C19: 0 | D19: 0 | E19: 0 | K19: 0 | L19: 2.1.1 Shopping (52.1 a above 50K)
A20: 2.1.2 Shopping (52.1 b above 50K) | B20: 3048546.9 | C20: 19 | D20: 19 | E20: 2786096.9 | J20: 19 | K20: 19 | L20: 2.1.2 Shopping (52.1 b above 50K)
A21: 2.1.3 Other Shopping | B21: 3085542.4 | C21: 184 | D21: 184 | E21: 2754925.4 | L21: 2.1.3 Other Shopping
A22: 2.2.1 Direct Contracting (above 50K) | B22: 206000 | C22: 1 | D22: 1 | E22: 205838 | L22: 2.2.1 Direct Contracting (above 50K)
A23: 2.2.2 Direct Contracting (50K or less) | B23: 108931.2 | C23: 7 | D23: 7 | E23: 102188.17 | L23: 2.2.2 Direct Contracting (50K or less)
A24: 2.3.1 Repeat Order (above 50K) | B24: 0 | C24: 0 | D24: 0 | E24: 0 | L24: 2.3.1 Repeat Order (above 50K)
A25: 2.3.2 Repeat Order (50K or less) | B25: 0 | C25: 0 | D25: 0 | E25: 0 | L25: 2.3.2 Repeat Order (50K or less)
A26: 2.4. Limited Source Bidding | B26: 0 | C26: 0 | D26: 0 | E26: 0 | L26: 2.4. Limited Source Bidding
A27: 2.5.1 Negotiation (Common-Use Supplies) | B27: 87840 | C27: 4 | D27: 4 | E27: 58966.06 | L27: 2.5.1 Negotiation (Common-Use Supplies)
A28: 2.5.2 Negotiation (Recognized Government Printers) | B28: 0 | C28: 0 | D28: 0 | E28: 0 | L28: 2.5.2 Negotiation (Recognized Government Printers)
A29: 2.5.3 Negotiation (TFB 53.1) | B29: 1134000 | C29: 1 | D29: 1 | E29: 1120000 | L29: 2.5.3 Negotiation (TFB 53.1)
A30: 2.5.4 Negotiation (SVP 53.9 above 50K) | B30: 4416700 | C30: 15 | D30: 15 | E30: 4333132.5 | L30: 2.5.4 Negotiation (SVP 53.9 above 50K)
A31: 2.5.5 Other Negotiated Procurement (Others above 50K) | B31: 0 | C31: 0 | D31: 0 | E31: 0 | L31: 2.5.5 Other Negotiated Procurement (Others above 50K)
A32: 2.5.6 Other Negotiated Procurement (50K or less) | B32: 689705 | C32: 51 | D32: 51 | E32: 682886 | L32: 2.5.6 Other Negotiated Procurement (50K or less)
A33: Sub-Total | B33: =SUM(B19:B32) -> 12777265 | C33: =SUM(C19:C32) -> 282 | D33: =SUM(D19:D32) -> 282 | E33: =SUM(E19:E32) -> 12044033 | J33: =SUM(J20:J31) -> 19 | K33: =SUM(K19:K32) -> 19 | L33: Sub-Total
A34: 3. Foreign Funded Procurement** | L34: 3. Foreign Funded Procurement**
A35: 3.1. Publicly-Bid | L35: 3.1. Publicly-Bid
A36: 3.2. Alternative Modes | L36: 3.2. Alternative Modes
A37: Sub-Total | B37: =SUM(B35:B36) -> 0 | C37: =SUM(C35:C36) -> 0 | D37: =SUM(D35:D36) -> 0 | E37: =SUM(E35:E36) -> 0 | L37: Sub-Total
A38: 4. Others, specify: | L38: 4. Others, specify:
A39: TOTAL | B39: =B17+B33+B37+B38 -> 17286265 | C39: =C17+C33+C37+C38 -> 287 | D39: =D17+D33+D37+D38 -> 284 | E39: =E17+E33+E37+E38 -> 15129589 | L39: TOTAL
A41: * Should include foreign-funded publicly-bid projects per procurement type | L41: * Should include foreign-funded publicly-bid projects per procurement type
A42: ** All procurement using Foreign Funds excluding National Competitive Bidding (NCB) contracts; conversion to peso will be at BSP rates at the time the bids/quotations were submitted | L42: ** All procurement using Foreign Funds excluding National Competitive Bidding (NCB) contracts; conversion to peso will be at BSP rates at the time the bids/quotations were submitted
O44: _________________________________
O45: Designation
A47: JOYCE L. PAMISA | G47: JEANETTE T. GONGORA
A48: Head, BAC Secretariat | G48: BAC Chair | N48: (Designation)
K50: =(K19+K26+K29+K30)/(D19+D26+D29+D30) -> 0

Sheet computation
C1: Agency Score
B2: Sub-indicator 1a | C2: =((CPMR!E17+CPMR!E35+CPMR!E26)/(CPMR!E39-CPMR!E27-CPMR!E28)) -> 0.20473979 | E2: =IF(OR(C2>1,C2<0),0,C2) -> 0.20473979
B3: Sub-indicator 1b | C3: =(CPMR!D17+CPMR!D35+CPMR!D26)/(CPMR!D39-CPMR!D27-CPMR!D28) -> 0.0071428571 | E3: =IF(OR(C3>1,C3<0),0,C3) -> 0.0071428571
B4: Sub-indicator 2a | C4: =(CPMR!E19+CPMR!E20+CPMR!E21)/(CPMR!E39-CPMR!E27-CPMR!E28) -> 0.36767041 | E4: =IF(OR(C4>1,C4<0),1,C4) -> 0.36767041
B5: Sub-indicator 2b | C5: =(CPMR!E29+CPMR!E30+CPMR!E31+CPMR!E32)/(CPMR!E39-CPMR!E27-CPMR!E28) -> 0.40715095 | E5: =IF(OR(C5>1,C5<0),1,C5) -> 0.40715095
B6: Sub-indicator 2c | C6: =(CPMR!E22+CPMR!E23)/(CPMR!E39-CPMR!E27-CPMR!E28) -> 0.020438848 | E6: =IF(OR(C6>1,C6<0),1,C6) -> 0.020438848
B7: Sub-indicator 2d | C7: =(CPMR!E24+CPMR!E25)/(CPMR!E39-CPMR!E27-CPMR!E28) -> 0 | E7: =IF(OR(C7>1,C7<0),1,C7) -> 0
B8: Sub-indicator 2e | C8: =CPMR!E26/CPMR!E39 -> 0 | E8: =IF(OR(C8>1,C8<0),0,C8) -> 0
B9: Sub-indicator 3a | C9: =CPMR!G17/CPMR!C17 -> 0.6 | E9: =IF(OR(C9>100,C9<0),0,C9) -> 0.6
B10: Sub-indicator 3b | C10: =CPMR!H17/CPMR!C17 -> 0.6 | E10: =IF(OR(C10>100,C10<0),0,C10) -> 0.6
B11: Sub-indicator 3c | C11: =CPMR!I17/CPMR!C17 -> 0.6 | E11: =IF(OR(C11>100,C11<0),0,C11) -> 0.6
B12: Sub-indicator 6a | C12: =(CPMR!J17+CPMR!J20+CPMR!J26+CPMR!J29+CPMR!J30)/(CPMR!C17+CPMR!C20+CPMR!C26+CPMR!C29+CPMR!C30) -> 0.6 | E12: =IF(OR(C12>1,C12<0),0,C12) -> 0.6
B13: Sub-indicator 6b | C13: =CPMR!K17/CPMR!D17 -> 1.5 | E13: =IF(OR(C13>1,C13<0),0,C13) -> 0
B14: Sub-indicator 6c | C14: =(CPMR!K33-CPMR!K27-CPMR!K28-CPMR!K21-CPMR!K23-CPMR!K25-CPMR!K32)/(CPMR!D33-CPMR!D27-CPMR!D28-CPMR!D21-CPMR!D23-CPMR!D25-CPMR!D32) -> 0.52777778 | E14: =IF(OR(C14>1,C14<0),0,C14) -> 0.52777778 | F14: =CPMR!K33/CPMR!D33 -> 0.067375887 | G14: =(CPMR!K19+CPMR!K26+CPMR!K29+CPMR!K30)/(CPMR!D19+CPMR!D26+CPMR!D29+CPMR!D30) -> 0
B15: Sub-indicator 8a | C15: =CPMR!E39/CPMR!B39 -> 0.87523758 | E15: =IF(OR(C15>1,C15<0),0,C15) -> 0.87523758
B16: Sub-indicator 8b | C16: =CPMR!D17/CPMR!C17 -> 0.4 | E16: =IF(OR(C16>1,C16<0),0,C16) -> 0.4
B17: Sub-indicator 8c | C17: =CPMR!F17/CPMR!C17 -> 0.4 | E17: =IF(OR(C17>1,C17<0),0,C17) -> 0.4
B18: Sub-indicator 9a | C18: =CPMR!S14/CPMR!D14 -> 1 | E18: =IF(OR(C18>1,C18<0),0,C18) -> 1
B19: Sub-indicator 9b | C19: =CPMR!S15/CPMR!D15 -> #DIV/0! | E19: =IF(OR(C19>1,C19<0),0,C19) -> #DIV/0!
B20: Sub-indicator 9c | C20: =CPMR!S16/CPMR!D16 -> #DIV/0! | E20: =IF(OR(C20>1,C20<0),0,C20) -> #DIV/0!
B21: Sub-indicator 13b | C21: n/a | E21: =IF(OR(C21>1,C21<0),0,C21) -> 0

Sheet Questionnaire
A2: Name of Agency: | D2: PHILIPPINE NORMAL UNIVERSITY MINDANAO | K2: Date: | L2: 45371
A3: Name of Respondent: | D3: JEANETTE T. GONGORA | K3: Position: | L3: BAC Chair
A6: Instruction: Put a check (ü) mark inside the box beside each condition/requirement met as provided below and then fill in the corresponding blanks according to what is asked. Please note that all questions must be answered completely.
A8: 1. Do you have an approved APP that includes all types of procurement, given the following conditions? (5a) | R8: =IF(COUNTA(B10,B12,E13,B15,G16)=5,criteria!I34,criteria!C34) -> Compliant
B10: √ | C10: Agency prepares APP using the prescribed format
B12: √ | C12: Approved APP is posted at the Procuring Entity's Website
C13: please provide link: | E13: https://www.pnu.edu.ph/wp-content/uploads/2023/07/UPDATED-APP-2023.pdf
B15: √ | C15: Submission of the approved APP to the GPPB within the prescribed deadline
C16: please provide submission date: | G16: 44957
A18: 2. Do you prepare an Annual Procurement Plan for Common-Use Supplies and Equipment (APP-CSE) and | R18: =IF(R26=3,criteria!I35,IF(AND(R21=1,R26=2),criteria!G35,IF(AND(R21=1,R26=1),criteria!E35,criteria!C35))) -> Fully Compliant
A19: Procure your Common-Use Supplies and Equipment from the Procurement Service? (5b) | R19: =IF(COUNTA(B21,G25,B27)=3,criteria!I35,criteria!C35) -> Fully Compliant
B21: √ | C21: Agency prepares APP-CSE using prescribed format | R21: =COUNTA(B21) -> 1
B23: √ | C23: Submission of the APP-CSE within the period prescribed by the Department of Budget and Management in | R23: =IF(COUNTA(B23,G25)=2,1,0) -> 1
C24: its Guidelines for the Preparation of Annual Budget Execution Plans issued annually
C25: please provide submission date: | G25: August 23, 2023 | R25: =COUNTA(B27) -> 1
R26: =SUM(R21:R25) -> 3
B27: √ | C27: Proof of actual procurement of Common-Use Supplies and Equipment from DBM-PS
A29: 3. In the conduct of procurement activities using Repeat Order, which of these conditions is/are met? (2e)
R30: =IF(CPMR!B24=0, "n/a", Questionnaire!R32) -> n/a
C31: Original contract awarded through competitive bidding
R32: =IF(COUNTA(B31:B41)=5,criteria!I17,criteria!C17) -> Not Compliant
C33: The goods under the original contract must be quantifiable, divisible and consisting of at least
C34: four (4) units per item
C36: The unit price is the same or lower than the original contract awarded through competitive bidding which is
C37: advantageous to the government after price verification
C39: The quantity of each item in the original contract should not exceed 25%
C41: Modality was used within 6 months from the contract effectivity date stated in the NTP arising from the
C42: original contract, provided that there has been a partial delivery, inspection and acceptance of the goods
C43: within the same period
A45: 4. In the conduct of procurement activities using Limited Source Bidding (LSB), which of these conditions is/are met? (2f)
R46: =IF(CPMR!B26=0, "n/a", Questionnaire!R48) -> n/a
C47: Upon recommendation by the BAC, the HOPE issues a Certification resorting to LSB as the proper modality
R48: =IF(COUNTA(B47:B54)=4,criteria!I18,criteria!C18) -> Not Compliant
C49: Preparation and Issuance of a List of Pre-Selected Suppliers/Consultants by the PE or an identified relevant
C50: government authority
C52: Transmittal of the Pre-Selected List by the HOPE to the GPPB
C54: Within 7cd from the receipt of the acknowledgement letter of the list by the GPPB, the PE posts the
C55: procurement opportunity at the PhilGEPS website, agency website, if available and at any conspicuous
C56: place within the agency
A58: 5. In giving your prospective bidders sufficient period to prepare their bids, which of these conditions is/are met? (3d)
R59: =IF(CPMR!B17=0, "n/a",IF(R66=3,criteria!I24,IF(AND(R60=1,R66=2),criteria!G24,IF(AND(R60=1,R66=1),criteria!E24,criteria!C24)))) -> Fully Compliant
B60: √ | C60: Bidding documents are available at the time of advertisement/posting at the PhilGEPS website or | R60: =IF(COUNTA(B60)=1,1,0) -> 1
C61: Agency website;
B63: √ | C63: Supplemental bid bulletins are issued at least seven (7) calendar days before bid opening; | R63: =IF(COUNTA(B63)=1,1,0) -> 1
B65: √ | C65: Minutes of pre-bid conference are readily available within five (5) days. | R65: =IF(COUNTA(B65)=1,1,0) -> 1
R66: =SUM(R60:R65) -> 3
A67: 6. Do you prepare proper and effective procurement documentation and technical specifications/requirements, given the
A68: the following conditions? (3e) | R68: =IF(COUNTA(B70:B76)=3, criteria!I25, IF(COUNTA(B70:B76)=2,criteria!G25,IF(COUNTA(B70:B76)=1,criteria!E25,criteria!C25))) -> Fully Compliant
B70: √ | C70: The end-user submits final, approved and complete Purchase Requests, Terms of Reference, and other
C71: documents based on relevant characteristics, functionality and/or performance requirements, as required
C72: by the procurement office prior to the commencement of the procurement activity
B74: √ | C74: No reference to brand names, except for items/parts that are compatible with the existing fleet or equipment
B76: √ | C76: Bidding Documents and Requests for Proposal/Quotation are posted at the PhilGEPS website,
C77: Agency website, if applicable, and in conspicuous places
A79: 7. In creating your BAC and BAC Secretariat which of these conditions is/are present?
A81: For BAC: (4a)
R82: =IF(R100=4,criteria!I30,IF(AND(R100=3,R99=0),criteria!G30,IF(AND(R100<3,R83=1),criteria!E30,criteria!C30))) -> Fully Compliant
B83: √ | C83: Office Order creating the Bids and Awards Committee | R83: =IF(COUNTA(B83,G84)=2,1,0) -> 1
C84: please provide Office Order No.: | G84: PNU Special Order No. 170 dated July 17, 2023
B86: √ | C86: There are at least five (5) members of the BAC | R86: =IF(COUNTA(C89:F95)>4,1,0) -> 1
C87: please provide members and their respective training dates:
D88: Name/s | H88: Date of RA 9184-related training
B89: A. | C89: SUZZETTE S. CABANGAHAN | H89: August 8-10, 2023
B90: B. | C90: JOVENAL V. DELA CRUZ | H90: August 8-10, 2023
B91: C. | C91: RUPERT JUN J. SAJOT | H91: August 8-10, 2023
B92: D. | C92: JEANETTE T. GONGORA | H92: September 5-7, 2022
B93: E. | C93: JUNE R. DUMANHUG | H93: September 5-7, 2022
B94: F. | C94: LYZYL L. BANUAG | H94: September 5-7, 2022
B95: G. | C95: ADELYNE C. ABREA | H95: September 5-7, 2022
B97: √ | C97: Members of BAC meet qualifications | R97: =IF(COUNTA(B97)=1,1,0) -> 1
B99: √ | C99: Majority of the members of BAC are trained on R.A. 9184 | R99: =IF(COUNTA(H89:J95)>4,1,0) -> 1
R100: =SUM(R83:R99) -> 4
A101: For BAC Secretariat: (4b)
R102: =IF(R112=3,criteria!I31,IF(AND(R103=1,R112=2),criteria!G31,IF(AND(R103=1,R112=1),criteria!E31,criteria!C31))) -> Fully Compliant
B103: √ | C103: Office Order creating of Bids and Awards Committee Secretariat or designing Procurement Unit to | R103: =IF(COUNTA(B103,G105)=2,1,0) -> 1
C104: act as BAC Secretariat
C105: please provide Office Order No.: | G105: PNU Special Order No. 170 dated July 17, 2023
B107: √ | C107: The Head of the BAC Secretariat meets the minimum qualifications | R107: =IF(COUNTA(B107,H108)=2,1,0) -> 1
C108: please provide name of BAC Sec Head: | H108: JOYCE L. PAMISA
B110: √ | C110: Majority of the members of BAC Secretariat are trained on R.A. 9184 | R110: =IF(COUNTA(B110,F111)=2,1,0) -> 1
C111: please provide training date: | F111: September 5-7, 2022 / August 8-10, 2023
R112: =SUM(R103:R110) -> 3
A113: 8. Have you conducted any procurement activities on any of the following? (5c)
A114: If YES, please mark at least one (1) then, answer the question below.
B116: √ | C116: Computer Monitors, Desktop | F116: √ | G116: Paints and Varnishes
C117: Computers and Laptops
F118: √ | G118: Food and Catering Services
B119: √ | C119: Air Conditioners
F120: √ | G120: Training Facilities / Hotels / Venues
B121: √ | C121: Vehicles | R121: =IF(COUNTA(B116:B125,F116:F124)>0,R129,"n/a") -> Not Compliant
G122: Toilets and Urinals
C123: Fridges and Freezers
G124: Textiles / Uniforms and Work Clothes
B125: √ | C125: Copiers
A127: Do you use green technical specifications for the procurement activity/ies of the non-CSE item/s?
C129: Yes | F129: √ | G129: No | R129: =IF(COUNTA(B129)=1, criteria!I36,criteria!C36) -> Not Compliant
A131: 9. In determining whether you provide up-to-date procurement information easily accessible at no cost, which of
A132: these conditions is/are met? (7a) | R132: =IF(R140=3,criteria!I45,IF(AND(R134=1,R140=2),criteria!G45,IF(AND(R134=1,R140=1),criteria!E45,criteria!C45))) -> Fully Compliant
B134: √ | C134: Agency has a working website | R134: =IF(COUNTA(B134,E135)=2,1,0) -> 1
C135: please provide link: | E135: www.pnumindanao.com
...

Sheet criteria
A2: ANNEX C
A3: APCPI Revised Scoring and Rating System
A5: No. | B5: Assessment Conditions | C5: Poor/Not Compliant (0) | D5: Poor/Not Compliant (0) | E5: Acceptable (1) | F5: Acceptable (1) | G5: Satisfactory (2) | H5: Satisfactory (2) | I5: Very Satisfactory/ Compliant (3) | J5: Very Satisfactory/Compliant (3)
C6: 0 | D6: 0 | E6: 1 | F6: 1 | G6: 2 | H6: 2 | I6: 3 | J6: 3 | L6: Not Compliant
A7: PILLAR I. LEGISLATIVE AND REGULATORY FRAMEWORK | L7: Compliant
A8: Indicator 1. Competitive Bidding as Default Method of Procurement | L8: n/a
A9: 1 | B9: Percentage of competitive bidding and limited source bidding contracts in terms of amount of total procurement | D9: Below 70.00% | E9: 0.7 | F9: Between 70.00-80.99% | G9: 0.81 | H9: Between 81.00-90.99% | I9: 0.91 | J9: Between 91.00-100%
A10: 2 | B10: Percentage of competitive bidding and limited source bidding contracts in terms of volume of total procurement | D10: Below 20.00% | E10: 0.2 | F10: Between 20.00- 39.99% | G10: 0.4 | H10: Between 40.00-50.00% | I10: 0.5 | J10: Above 50.00% | L10: Not Compliant
L11: Partially Compliant
A12: Indicator 2. Limited Use of Alternative Methods of Procurement | L12: Substantially Compliant
A13: 3 | B13: Percentage of shopping contracts in terms of amount of total procurement | D13: Above 7.00% | E13: 0.07 | F13: Between 6.00-7.00 % | G13: 0.0599 | H13: Between 4.00-5.99 % | I13: 0.04 | J13: Below 4.00% | L13: Fully Compliant
A14: =A13+1 -> 4 | B14: Percentage of negotiated contracts in terms of amount of total procurement | D14: Above 15.00% | E14: 0.15 | F14: Between 11.00 -15.00% | G14: 0.1099 | H14: Between 6.00-10.99% | I14: 0.06 | J14: Below 6.00% | L14: n/a
A15: =A14+1 -> 5 | B15: Percentage of direct contracting in terms of amount of total procurement | D15: Above 4.00% | E15: 0.04 | F15: Between 3.00-4.00% | G15: 0.0299 | H15: Between 1.00-2.99% | I15: 0.01 | J15: Below 1.00%
A16: =A15+1 -> 6 | B16: Percentage of repeat order contracts in terms of amount of total procurement | D16: Above 4.00% | E16: 0.04 | F16: Between 3.00-4.00% | G16: 0.0299 | H16: Between 1.00-2.99% | I16: 0.01 | J16: Below 1.00% | L16: Less than 60.00% Trained
A17: =A16+1 -> 7 | B17: Compliance with Repeat Order procedures | C17: Not Compliant | D17: Not Compliant | I17: Compliant | J17: Compliant | L17: Between 76.00-90.99% Trained
A18: =A17+1 -> 8 | B18: Compliance with Limited Source Bidding procedures | C18: Not Compliant | D18: Not Compliant | I18: Compliant | J18: Compliant | L18: Between 76.00-90.99% Trained
L19: Between 91.00-100%
A20: Indicator 3. Competitiveness of the Bidding Process | L20: n/a
A21: 9 | B21: Average number of entities who acquired bidding documents | D21: Below 3.00 | E21: 3 | F21: 3.00-3.99 | G21: 4 | H21: 4.00-5.99 | I21: 6 | J21: 6.00 and above
A22: =A21+1 -> 10 | B22: Average number of bidders who submitted bids | D22: Below 2.00 | E22: 2 | F22: 2.00-2.99 | G22: 3 | H22: 3.00-4.99 | I22: 5 | J22: 5.00 and above | L22: After 45 days
A23: =A22+1 -> 11 | B23: Average number of bidders who passed eligibility stage | D23: Below 1.00 | E23: 1 | F23: 1.00 – 1.99 | G23: 2 | H23: 2.00-2.99 | I23: 3 | J23: 3.00 and above | L23: Between 38-45 days
A24: =A23+1 -> 12 | B24: Sufficiency of period to prepare bids | C24: Not Compliant | D24: Not Compliant | E24: Partially Compliant | F24: Partially Compliant | G24: Substantially Compliant | H24: Substantially Compliant | I24: Fully Compliant | J24: Fully Compliant | L24: Between 31-37 days
A25: 13 | B25: Use of proper and effective procurement documentation and technical specifications/requirements | C25: Not Compliant | D25: Not Compliant | E25: Partially Compliant | F25: Partially Compliant | G25: Substantially Compliant | H25: Substantially Compliant | I25: Fully Compliant | J25: Fully Compliant
L26: On or before 30 days
L27: n/a
A28: PILLAR II. AGENCY INSTITUTIONAL FRAMEWORK AND MANAGEMENT CAPACITY
A29: Indicator 4. Presence of Procurement Organizations | L29: Below 60% compliance
A30: 14 | B30: Creation of Bids and Awards Committee(s) | C30: Not Compliant | D30: Not Compliant | E30: Partially Compliant | F30: Partially Compliant | G30: Substantially Compliant | H30: Substantially Compliant | I30: Fully Compliant | J30: Fully Compliant | L30: Between 61-70.99% compliance
A31: 15 | B31: Presence of a BAC Secretariat or Procurement Unit | C31: Not Compliant | D31: Not Compliant | E31: Partially Compliant | F31: Partially Compliant | G31: Substantially Compliant | H31: Substantially Compliant | I31: Fully Compliant | J31: Fully Compliant | L31: Between 71-89.99% compliance
L32: Above 90-100% compliance
A33: Indicator 5. Procurement Planning and Implementation | L33: n/a
A34: 16 | B34: An approved APP that includes all types of procurement | C34: Not Compliant | D34: Not Compliant | I34: Compliant | J34: Compliant
A35: 17 | B35: Preparation of Annual Procurement Plan for Common-Use Supplies and Equipment (APP-CSE) and Procurement of Common-Use Supplies and Equipment from the Procurement Service | C35: Not Compliant | D35: Not Compliant | E35: Partially Compliant | F35: Partially Compliant | G35: Substantially Compliant | H35: Substantially Compliant | I35: Fully Compliant | J35: Fully Compliant
A36: 18 | B36: Existing Green Specifications for GPPB-identified non-CSE items are adopted | C36: Not Compliant | D36: Not Compliant | I36: Compliant | J36: Compliant
A39: Indicator 6. Use of Government Electronic Procurement System
A40: 19 | B40: Percentage of bid opportunities posted by the PhilGEPS-registered Agency | D40: Below 70.99% | E40: 0.71 | F40: Between 71.00-80.99% | G40: 0.81 | H40: Between 81.00-90.99% | I40: 0.91 | J40: Above 91.00%
A41: 20 | B41: Percentage of contract award information posted by the PhilGEPS-registered Agency | D41: Below 20.00% | E41: 0.2 | F41: Between 20.00- 50.99% | G41: 0.51 | H41: Between 51.00-80.00% | I41: 0.8 | J41: Above 80.00%
A42: =+A41+1 -> 21 | B42: Percentage of contract awards procured through alternative methods posted by the PhilGEPS-registered Agency | D42: Below 20.00% | E42: 0.2 | F42: Between 20.00 - 50.99% | G42: 0.51 | H42: Between 51.00-80.00% | I42: 0.8 | J42: Above 80.00%
A44: Indicator 7. System for Disseminating and Monitoring Procurement Information
A45: 22 | B45: Presence of website that provides up-to-date procurement information easily accessible at no cost | C45: Not Compliant | D45: Not Compliant | E45: Partially Compliant | F45: Partially Compliant | G45: Substantially Compliant | H45: Substantially Compliant | I45: Fully Compliant | J45: Fully Compliant
A46: 23 | B46: Preparation of Procurement Monitoring Reports using the GPPB-prescribed format, submission to the GPPB, and posting in agency website | C46: Not Compliant | D46: Not Compliant | E46: Partially Compliant | F46: Partially Compliant | G46: Substantially Compliant | H46: Substantially Compliant | I46: Fully Compliant | J46: Fully Compliant
A49: PILLAR III. PROCUREMENT OPERATIONS AND MARKET PRACTICES
A50: Indicator 8. Efficiency of Procurement Processes
A51: 24 | B51: Percentage of total amount of contracts signed within the assessment year against total amount in the approved APPs | C51: 1 | D51: Below 40.00% or above 100.00% | E51: 0.4 | F51: Between 40.00- 60.99% | G51: 0.61 | H51: Between 61.00% -80.00% | I51: 0.8 | J51: Above 80.00%
A52: 25 | B52: Percentage of total number of contracts signed against total number of procurement projects done through competitive bidding | D52: Below 90.00% | E52: 0.9 | F52: Between 90.00- 92.99% | G52: 0.93 | H52: Between 93.00-95.00% | I52: 0.95 | J52: Above 95.00%
A53: 26 | B53: Planned procurement activities achieved desired contract outcomes and objectives within the target/allotted timeframe | C53: Not Compliant | D53: Not Compliant | E53: Partially Compliant | F53: Partially Compliant | G53: Substantially Compliant | H53: Substantially Compliant | I53: Fully Compliant | J53: Fully Compliant
A55: Indicator 9. Compliance with Procurement Timeframes
A56: 27 | B56: Percentage of contracts awarded within prescribed period of action to procure goods | D56: Below 90.00% | E56: 0.9 | F56: Between 90.00 to 95.99% | G56: 0.96 | H56: Between 96.00 to 99.99% | I56: 1 | J56: 1
A57: 28 | B57: Percentage of contracts awarded within prescribed period of action to procure infrastructure projects | D57: Below 90.00% | E57: 0.9 | F57: Between 90.00 to 95.99% | G57: 0.96 | H57: Between 96.00 to 99.99% | I57: 1 | J57: 1
A58: 29 | B58: Percentage of contracts awarded within prescribed period of action to procure consulting services | D58: Below 90.00% | E58: 0.9 | F58: Between 90.00 to 95.99% | G58: 0.96 | H58: Between 96.00 to 99.99% | I58: 1 | J58: 1
A60: Indicator 10. Capacity Building for Government Personnel and Private Sector Participants
A61: 30 | B61: There is a system within the procuring entity to evaluate the performance of procurement personnel on a regular basis | C61: Not Compliant | D61: Not Compliant | E61: Partially Compliant | F61: Partially Compliant | G61: Substantially Compliant | H61: Substantially Compliant | I61: Fully Compliant | J61: Fully Compliant
A62: 31 | B62: Percentage of participation of procurement staff in procurement training and/or professionalization program | D62: Less than 60.00% Trained | E62: 0.6 | F62: Between 60.00-75.99% Trained | G62: 0.76 | H62: Between 76-90% of staff trained | I62: 0.91 | J62: Between 91.00-100% Trained
A63: =A62+1 -> 32 | B63: The procuring entity has open dialogue with private sector and ensures access to the procurement opportunities of the procuring entity | C63: Not Compliant | D63: Not Compliant | I63: Compliant | J63: Compliant
A65: Indicator 11. Management of Procurement and Contract Management Records
A66: 33 | B66: The BAC Secretariat has a system for keeping and maintaining procurement records | C66: Not Compliant | D66: Not Compliant | E66: Partially Compliant | F66: Partially Compliant | G66: Substantially Compliant | H66: Substantially Compliant | I66: Fully Compliant | J66: Fully Compliant
A67: =A66+1 -> 34 | B67: Implementing Units has and is implementing a system for keeping and maintaining complete and easily retrievable contract management records | C67: Not Compliant | D67: Not Compliant | E67: Partially Compliant | F67: Partially Compliant | G67: Substantially Compliant | H67: Substantially Compliant | I67: Fully Compliant | J67: Fully Compliant
A69: Indicator 12. Contract Management Procedures
A70: 35 | B70: Agency has defined procedures or standards in such areas as quality control, acceptance and inspection, supervision of works and evaluation of contractors’ performance | C70: Not Compliant | D70: Not Compliant | E70: Partially Compliant | F70: Partially Compliant | G70: Substantially Compliant | H70: Substantially Compliant | I70: Fully Compliant | J70: Fully Compliant
A71: =A70+1 -> 36 | B71: (b) Agency complies with the thresholds prescribed for amendment to order, variation orders, advance payment, and slippage in publicly bid contracts. | C71: Not Compliant | D71: Not Compliant | E71: Partially Compliant | F71: Partially Compliant | G71: Substantially Compliant | H71: Substantially Compliant | I71: Fully Compliant | J71: Fully Compliant
A72: 36 | B72: Timely Payment of Procurement Contracts | C72: After 45 days | D72: After 45 days | E72: Between 38-45 days | F72: Between 38-45 days | G72: Between 31-37 days | H72: Between 31-37 days | I72: On or before 30 days | J72: On or before 30 days
A75: PILLAR IV. INTEGRITY AND TRANSPARENCY OF AGENCY PROCUREMENT SYSTEM
A76: Indicator 13. Observer Participation in Public Bidding
A77: 37 | B77: Observers are invited to attend stages of procurement as prescribed in the IRR | C77: Not Compliant | D77: Not Compliant | E77: Partially Compliant | F77: Partially Compliant | G77: Substantially Compliant | H77: Substantially Compliant | I77: Fully Compliant | J77: Fully Compliant
A78: =A77+1 -> 38 | B78: (b) Attendance of Observers in public bidding activities | D78: Below 70% | E78: 0.7 | F78: Between 70- 79.99% | G78: 0.8 | H78: Between 80 - 89.99% | I78: 0.9 | J78: Above 90- 100%
A80: Indicator 14. Internal and External Audit of Procurement Activities
A81: 38 | B81: Creation and operation of Internal Audit Unit (IAU) that performs specialized procurement audits | C81: Not Compliant | D81: Not Compliant | E81: Partially Compliant | F81: Partially Compliant | G81: Substantially Compliant | H81: Substantially Compliant | I81: Fully Compliant | J81: Fully Compliant
A82: =A81+1 -> 39 | B82: Audit Reports on procurement related transactions | C82: Below 60% compliance | D82: Below 60% compliance | E82: Between 61-70.99% compliance | F82: Between 61-70.99% compliance | G82: Between 71-89.99% compliance | H82: Between 71-89.99% compliance | I82: Above 90-100% compliance | J82: Above 90-100% compliance
A84: Indicator 15. Capacity to Handle Procurement Related Complaints
A85: 40 | B85: The Procuring Entity has an efficient procurement complaints system and has the capacity to comply with procedural requirements | C85: Not Compliant | D85: Not Compliant | E85: Partially Compliant | F85: Partially Compliant | G85: Substantially Compliant | H85: Substantially Compliant | I85: Fully Compliant | J85: Fully Compliant
A87: Indicator 16. Anti-Corruption Programs Related to Procurement
A88: 41 | B88: Agency has a specific anti-corruption program/s related to procurement | C88: Not Compliant | D88: Not Compliant | E88: Partially Compliant | F88: Partially Compliant | G88: Substantially Compliant | H88: Substantially Compliant | I88: Fully Compliant | J88: Fully Compliant

Sheet APCPI
E2: ANNEX A
E3: GOVERNMENT PROCUREMENT POLICY BOARD
E4: Agency Procurement Compliance and Performance Indicator (APCPI) Self-Assessment Form
B7: Name of Agency: ________________________________________ | H7: Name of Evaluator: __________________
B8: Date of Self Assessment: _________________________________ | H8: Position: ___________________________
B11: No. | C11: Assessment Conditions | D11: Agency Score | E11: APCPI Rating* | F11: Comments/Findings to the Indicators and SubIndicators | G11: Comments | H11: Supporting Information/Documentation (Not to be Included in the Evaluation Form Submitted to GPPB)
B13: PILLAR I. LEGISLATIVE AND REGULATORY FRAMEWORK
B14: Indicator 1. Competitive Bidding as Default Method of Procurement
A15: 1 | B15: 1.a | C15: Percentage of competitive bidding and limited source bidding contracts in terms of amount of total procurement | D15: =computation!E2 -> 0.20473979 | E15: =IF(D15="n/a","n/a",IF(D15<criteria!E9,criteria!$D$6,IF(D15<criteria!G9,criteria!$F$6,IF(D15<criteria!I9,criteria!$H$6,criteria!$J$6)))) -> 0 | H15: PMRs
A16: 2 | B16: 1.b | C16: Percentage of competitive bidding and limited source bidding contracts in terms of volume of total procurement | D16: =computation!E3 -> 0.0071428571 | E16: =IF(D16="n/a","n/a",IF(D16<criteria!E10,criteria!$D$6,IF(D16<criteria!G10,criteria!$F$6,IF(D16>criteria!I10,criteria!$J$6,criteria!$H$6)))) -> 0 | H16: PMRs
B18: Indicator 2. Limited Use of Alternative Methods of Procurement
A19: 3 | B19: 2.a | C19: Percentage of shopping contracts in terms of amount of total procurement | D19: =computation!E4 -> 0.36767041 | E19: =IF(D19="n/a","n/a",IF(D19<criteria!I13,criteria!$J$6,IF(D19<criteria!G13,criteria!$H$6,IF(D19>criteria!E13,criteria!$D$6,criteria!$F$6)))) -> 0 | H19: PMRs
A20: 4 | B20: 2.b | C20: Percentage of negotiated contracts in terms of amount of total procurement | D20: =computation!E5 -> 0.40715095 | E20: =IF(D20="n/a","n/a",IF(D20<criteria!I14,criteria!$J$6,IF(D20<criteria!G14,criteria!$H$6,IF(D20>criteria!E14,criteria!$D$6,criteria!$F$6)))) -> 0 | H20: PMRs
A21: 5 | B21: 2.c | C21: Percentage of direct contracting in terms of amount of total procurement | D21: =computation!E6 -> 0.020438848 | E21: =IF(D21="n/a","n/a",IF(D21<criteria!I15,criteria!$J$6,IF(D21<criteria!G15,criteria!$H$6,IF(D21>criteria!E15,criteria!$D$6,criteria!$F$6)))) -> 2 | H21: PMRs
A22: 6 | B22: 2.d | C22: Percentage of repeat order contracts in terms of amount of total procurement | D22: =computation!E7 -> 0 | E22: =IF(D22="n/a","n/a",IF(D22<criteria!I16,criteria!$J$6,IF(D22<criteria!G16,criteria!$H$6,IF(D22>criteria!E16,criteria!$D$6,criteria!$F$6)))) -> 3 | H22: PMRs
A23: 7 | B23: 2.e | C23: Compliance with Repeat Order procedures | D23: =Questionnaire!R30 -> n/a | E23: =IF(D23="n/a","n/a",IF(D23=criteria!C17,criteria!$D$6,IF(D23=criteria!E17,criteria!$F$6,IF(D23=criteria!G17,criteria!$H$6,IF(D23=criteria!I17,criteria!$J$6,0))))) -> n/a | H23: Procurement documents relative to conduct of Repeat Order
A24: 8 | B24: 2.f | C24: Compliance with Limited Source Bidding procedures | D24: =Questionnaire!R46 -> n/a | E24: =IF(D24="n/a","n/a",IF(D24=criteria!C18,criteria!$D$6,IF(D24=criteria!E18,criteria!$F$6,IF(D24=criteria!G18,criteria!$H$6,IF(D24=criteria!I18,criteria!$J$6,0))))) -> n/a | H24: Procurement documents relative to conduct of Limited Source Bidding
B26: Indicator 3. Competitiveness of the Bidding Process
A27: 9 | B27: 3.a | C27: Average number of entities who acquired bidding documents | D27: =IF(ISERROR(computation!E9), "n/a",computation!E9) -> 0.6 | E27: =IF(D27="n/a","n/a",IF(D27<criteria!E21,criteria!$D$6,IF(D27<criteria!G21,criteria!$F$6,IF(D27<criteria!I21,criteria!$H$6,criteria!$J$6)))) -> 0 | H27: Agency records and/or PhilGEPS records
A28: 10 | B28: 3.b | C28: Average number of bidders who submitted bids | D28: =IF(ISERROR(computation!E10), "n/a",computation!E10) -> 0.6 | E28: =IF(D28="n/a","n/a",IF(D28<criteria!E22,criteria!$D$6,IF(D28<criteria!G22,criteria!$F$6,IF(D28<criteria!I22,criteria!$H$6,criteria!$J$6)))) -> 0 | H28: Abstract of Bids or other agency records
A29: 11 | B29: 3.c | C29: Average number of bidders who passed eligibility stage | D29: =IF(ISERROR(computation!E11), "n/a",computation!E11) -> 0.6 | E29: =IF(D29="n/a","n/a",IF(D29<criteria!E23,criteria!$D$6,IF(D29<criteria!G23,criteria!$F$6,IF(D29<criteria!I23,criteria!$H$6,criteria!$J$6)))) -> 0 | H29: Abstract of Bids or other agency records
A30: 12 | B30: 3.d | C30: Sufficiency of period to prepare bids | D30: =Questionnaire!R59 -> Fully Compliant | E30: =IF(D30="n/a","n/a",IF(D30=criteria!C24,criteria!$D$6,IF(D30=criteria!E24,criteria!$F$6,IF(D30=criteria!G24,criteria!$H$6,IF(D30=criteria!I24,criteria!$J$6,0))))) -> 3 | H30: Agency records and/or PhilGEPS records
A31: 13 | B31: 3.e | C31: Use of proper and effective procurement documentation and technical specifications/requirements | D31: =Questionnaire!R68 -> Fully Compliant | E31: =IF(D31="n/a","n/a",IF(D31=criteria!C25,criteria!$D$6,IF(D31=criteria!E25,criteria!$F$6,IF(D31=criteria!G25,criteria!$H$6,IF(D31=criteria!I25,criteria!$J$6,0))))) -> 3 | H31: Cost Benefit Analysis, Work Plans, Technical Specifications included in bidding documents
D33: Average I | E33: =IF(AND(E17="n/a",E25="n/a",E32="n/a"),"n/a",AVERAGE(E15:E31)) -> 1
B34: PILLAR II. AGENCY INSTITUTIONAL FRAMEWORK AND MANAGEMENT CAPACITY
B35: Indicator 4. Presence of Procurement Organizations
A36: 14 | B36: 4.a | C36: Creation of Bids and Awards Committee(s) | D36: =Questionnaire!R82 -> Fully Compliant | E36: =IF(D36="n/a","n/a",IF(D36=criteria!C30,criteria!$D$6,IF(D36=criteria!E30,criteria!$F$6,IF(D36=criteria!G30,criteria!$H$6,IF(D36=criteria!I30,criteria!$J$6,0))))) -> 3 | H36: Verify copy of Order creating BAC; Organizational Chart; and Certification of Training
A37: 15 | B37: 4.b | C37: Presence of a BAC Secretariat or Procurement Unit | D37: =Questionnaire!R102 -> Fully Compliant | E37: =IF(D37="n/a","n/a",IF(D37=criteria!C31,criteria!$D$6,IF(D37=criteria!E31,criteria!$F$6,IF(D37=criteria!G31,criteria!$H$6,IF(D37=criteria!I31,criteria!$J$6,0))))) -> 3 | H37: Verify copy of Order creating BAC Secretariat; Organizational Chart; and Certification of Training
B39: Indicator 5. Procurement Planning and Implementation
A40: 16 | B40: 5.a | C40: An approved APP that includes all types of procurement | D40: =Questionnaire!R8 -> Compliant | E40: =IF(D40="n/a","n/a",IF(D40=criteria!C34,criteria!$D$6,IF(D40=criteria!E34,criteria!$F$6,IF(D40=criteria!G34,criteria!$H$6,IF(D40=criteria!I34,criteria!$J$6,0))))) -> 3 | H40: Copy of APP and its supplements (if any)
A41: 17 | B41: 5.b | C41: Preparation of Annual Procurement Plan for Common-Use Supplies and Equipment (APP-CSE) and Procurement of Common-Use Supplies and Equipment from the Procurement Service | D41: =Questionnaire!R18 -> Fully Compliant | E41: =IF(D41="n/a","n/a",IF(D41=criteria!C35,criteria!$D$6,IF(D41=criteria!E35,criteria!$F$6,IF(D41=criteria!G35,criteria!$H$6,IF(D41=criteria!I35,criteria!$J$6,0))))) -> 3 | H41: APP, APP-CSE, PMR
A42: 18 | B42: 5.c | C42: Existing Green Specifications for GPPB-identified non-CSE items are adopted | D42: =Questionnaire!R121 -> Not Compliant | E42: =IF(D42="n/a","n/a",IF(D42=criteria!C36,criteria!$D$6,IF(D42=criteria!E36,criteria!$F$6,IF(D42=criteria!G36,criteria!$H$6,IF(D42=criteria!I36,criteria!$J$6,0))))) -> 0 | H42: ITBs and/or RFQs clearly indicate the use of green technical specifications for the procurement activity
B44: Indicator 6. Use of Government Electronic Procurement System
A45: 19 | B45: 6.a | C45: Percentage of bid opportunities posted by the PhilGEPS-registered Agency | D45: =IF(ISERROR(computation!E12), "n/a", computation!E12) -> 0.6 | E45: =IF(D45="n/a","n/a",IF(D45<criteria!E40,criteria!$D$6,IF(D45<criteria!G40,criteria!$F$6,IF(D45<criteria!I40,criteria!$H$6,criteria!$J$6)))) -> 0 | H45: Agency records and/or PhilGEPS records
A46: 20 | B46: 6.b | C46: Percentage of contract award information posted by the PhilGEPS-registered Agency | D46: =IF(ISERROR(computation!E13), "n/a",computation!E13) -> 0 | E46: =IF(D46="n/a","n/a",IF(D46>criteria!I41,criteria!$J$6,IF(D46<criteria!E41,criteria!$D$6,IF(D46<criteria!G41,criteria!$F$6,criteria!$H$6)))) -> 0 | H46: Agency records and/or PhilGEPS records
A47: 21 | B47: 6.c | C47: Percentage of contract awards procured through alternative methods posted by the PhilGEPS-registered Agency | D47: =IF(ISERROR(computation!E14),"n/a",computation!E14) -> 0.52777778 | E47: =IF(D47="n/a","n/a",IF(D47>criteria!I42,criteria!$J$6,IF(D47<criteria!E42,criteria!$D$6,IF(D47<criteria!G42,criteria!$F$6,criteria!$H$6)))) -> 2 | H47: Agency records and/or PhilGEPS records
B49: Indicator 7. System for Disseminating and Monitoring Procurement Information
A50: 22 | B50: 7.a | C50: Presence of website that provides up-to-date procurement information easily accessible at no cost | D50: =Questionnaire!R132 -> Fully Compliant | E50: =IF(D50="n/a","n/a",IF(D50=criteria!C45,criteria!$D$6,IF(D50=criteria!E45,criteria!$F$6,IF(D50=criteria!G45,criteria!$H$6,IF(D50=criteria!I45,criteria!$J$6,0))))) -> 3 | H50: Identify specific procurement-related portion in the agency website and specific website links
A51: 23 | B51: 7.b | C51: Preparation of Procurement Monitoring Reports using the GPPB-prescribed format, submission to the GPPB, and posting in agency website | D51: =Questionnaire!R142 -> Fully Compliant | E51: =IF(D51="n/a","n/a",IF(D51=criteria!C46,criteria!$D$6,IF(D51=criteria!E46,criteria!$F$6,IF(D51=criteria!G46,criteria!$H$6,IF(D51=criteria!I46,criteria!$J$6,0))))) -> 3 | H51: Copy of PMR and received copy that it was submitted to GPPB
D53: Average II | E53: =IF(AND(E38="n/a",E40="n/a",E48="n/a",E52="n/a"),"n/a",AVERAGE(E36:E51)) -> 2
B54: PILLAR III. PROCUREMENT OPERATIONS AND MARKET PRACTICES
B55: Indicator 8. Efficiency of Procurement Processes
A56: 24 | B56: 8.a | C56: Percentage of total amount of contracts signed within the assessment year against total amount in the approved APPs | D56: =IF(ISERROR(computation!E15), 0, computation!E15) -> 0.87523758 | E56: =IF(D56="n/a","n/a",IF(D56>criteria!C51,criteria!$D$6,IF(D56>criteria!I51,criteria!$J$6,IF(D56<criteria!G51,IF(D56<criteria!E51,criteria!$D$6,criteria!$F$6),criteria!$H$6)))) -> 3 | H56: APP (including Supplemental amendments, if any) and PMRs
A57: 25 | B57: 8.b | C57: Percentage of total number of contracts signed against total number of procurement projects done through competitive bidding | D57: =IF(ISERROR(computation!E16), "n/a",computation!E16) -> 0.4 | E57: =IF(D57="n/a","n/a",IF(D57<criteria!E52,criteria!$D$6,IF(D57<criteria!G52,criteria!$F$6,IF(D57>criteria!I52,criteria!$J$6,criteria!$H$6)))) -> 0 | H57: APP(including Supplemental amendments, if any)and PMRs
A58: 26 | B58: 8.c | C58: Planned procurement activities achieved desired contract outcomes and objectives within the target/allotted timeframe | D58: =Questionnaire!R156 -> Fully Compliant | E58: =IF(D58="n/a","n/a",IF(D58=criteria!C53,criteria!$D$6,IF(D58=criteria!E53,criteria!$F$6,IF(D58=criteria!G53,criteria!$H$6,IF(D58=criteria!I53,criteria!$J$6,0))))) -> 3 | H58: Agency Procedures/Systems for the conduct of needs analysis or market research, monitoring of timely delivery of goods, works, or services Contracts with amendments and variations to order amount to 10% or less
B60: Indicator 9. Compliance with Procurement Timeframes
A61: 27 | B61: 9.a | C61: Percentage of contracts awarded within prescribed period of action to procure goods | D61: =IF(ISERROR(computation!E18), "n/a",computation!E18) -> 1 | E61: =IF(D61="n/a","n/a",IF(D61<criteria!E56,criteria!$D$6,IF(D61<criteria!G56,criteria!$F$6,IF(D61<criteria!I56,criteria!$H$6,criteria!$J$6)))) -> 3 | H61: PMRs
A62: 28 | B62: 9.b | C62: Percentage of contracts awarded within prescribed period of action to procure infrastructure projects | D62: =IF(ISERROR(computation!E19), "n/a",computation!E19) -> n/a | E62: =IF(D62="n/a","n/a",IF(D62<criteria!E57,criteria!$D$6,IF(D62<criteria!G57,criteria!$F$6,IF(D62<criteria!I57,criteria!$H$6,criteria!$J$6)))) -> n/a | H62: PMRs
A63: 29 | B63: 9.c | C63: Percentage of contracts awarded within prescribed period of action to procure consulting services | D63: =IF(ISERROR(computation!E20), "n/a",computation!E20) -> n/a | E63: =IF(D63="n/a","n/a",IF(D63<criteria!E58,criteria!$D$6,IF(D63<criteria!G58,criteria!$F$6,IF(D63<criteria!I58,criteria!$H$6,criteria!$J$6)))) -> n/a | H63: PMRs
B65: Indicator 10. Capacity Building for Government Personnel and Private Sector Participants
A66: 30 | B66: 10.a | C66: There is a system within the procuring entity to evaluate the performance of procurement personnel on a regular basis | D66: =Questionnaire!R165 -> Fully Compliant | E66: =IF(D66="n/a","n/a",IF(D66=criteria!C61,criteria!$D$6,IF(D66=criteria!E61,criteria!$F$6,IF(D66=criteria!G61,criteria!$H$6,IF(D66=criteria!I61,criteria!$J$6,0))))) -> 3 | H66: Samples of forms used to evaluating procurement performance on top of or incorporated within the regular assessment for Procurement Personnel
A67: 31 | B67: 10.b | C67: Percentage of participation of procurement staff in procurement training and/or professionalization program | D67: =Questionnaire!R175 -> 0 | E67: =IF(D67="n/a","n/a",IF(D67<criteria!E62,criteria!$D$6,IF(D67<criteria!G62,criteria!$F$6,IF(D67<criteria!I62,criteria!$H$6,criteria!$J$6)))) -> 0 | H67: Ask for copies of Office Orders, training modules, list of participants, schedules of actual training conducted
A68: 32 | B68: 10.c | C68: The procuring entity has open dialogue with private sector and ensures access to the procurement opportunities of the procuring entity | D68: =Questionnaire!R190 -> Compliant | E68: =IF(D68="n/a","n/a",IF(D68=criteria!C63,criteria!$D$6,IF(D68=criteria!E63,criteria!$F$6,IF(D68=criteria!G63,criteria!$H$6,IF(D68=criteria!I63,criteria!$J$6,0))))) -> 3 | H68: Ask for copies of documentation of activities for bidders
B70: Indicator 11. Management of Procurement and Contract Management Records
A71: 33 | B71: 11.a | C71: The BAC Secretariat has a system for keeping and maintaining procurement records | D71: =Questionnaire!R200 -> Fully Compliant | E71: =IF(D71="n/a","n/a",IF(D71=criteria!C66,criteria!$D$6,IF(D71=criteria!E66,criteria!$F$6,IF(D71=criteria!G66,criteria!$H$6,IF(D71=criteria!I66,criteria!$J$6,0))))) -> 3 | H71: Verify actual procurement records and time it took to retrieve records (should be no more than two hours) Refer to Section 4.1 of User's Manual for list of procurement-related documents for record-keeping and maintenance.
A72: 34 | B72: 11.b | C72: Implementing Units has and is implementing a system for keeping and maintaining complete and easily retrievable contract management records | D72: =Questionnaire!R212 -> Fully Compliant | E72: =IF(D72="n/a","n/a",IF(D72=criteria!C67,criteria!$D$6,IF(D72=criteria!E67,criteria!$F$6,IF(D72=criteria!G67,criteria!$H$6,IF(D72=criteria!I67,criteria!$J$6,0))))) -> 3 | H72: Verify actual contract management records and time it took to retrieve records should be no more than two hours
B74: Indicator 12. Contract Management Procedures
A75: 35 | B75: 12.a | C75: Agency has defined procedures or standards in such areas as quality control, acceptance and inspection, supervision of works and evaluation of contractors’ performance | D75: =Questionnaire!R224 -> Substantially Compliant | E75: =IF(D75="n/a","n/a",IF(D75=criteria!C70,criteria!$D$6,IF(D75=criteria!E70,criteria!$F$6,IF(D75=criteria!G70,criteria!$H$6,IF(D75=criteria!I70,criteria!$J$6,0))))) -> 2 | H75: Verify copies of written procedures for quality control, acceptance and inspection; CPES evaluation formsz
B76: =B75+1 -> #VALUE! | C76: (b) Agency complies with the thresholds prescribed for amendment to order, variation orders, advance payment, and slippage in publicly bid contracts. | D76: n/a | E76: =IF(D76="n/a","n/a",IF(D76=criteria!C71,criteria!$D$6,IF(D76=criteria!E71,criteria!$F$6,IF(D76=criteria!G71,criteria!$H$6,IF(D76=criteria!I71,criteria!$J$6,0))))) -> n/a | H76: Specific procurement contract with amendment to order, variation order or with negative slippage
A77: 36 | B77: 12.b | C77: Timely Payment of Procurement Contracts | D77: =Questionnaire!R251 -> After 45 days | E77: =IF(D77="n/a","n/a",IF(D77=criteria!C72,criteria!$D$6,IF(D77=criteria!E72,criteria!$F$6,IF(D77=criteria!G72,criteria!$H$6,IF(D77=criteria!I72,criteria!$J$6,0))))) -> 0 | H77: Ask Finance or Accounting Head of Agency for average period for the release of payments for procurement contracts
D79: Average III | E79: =IF(AND(E59="n/a",E64="n/a",E69="n/a",E73="n/a",E78="n/a"),"n/a",AVERAGE(E56:E77)) -> 2.0909091
B80: PILLAR IV. INTEGRITY AND TRANSPARENCY OF AGENCY PROCUREMENT SYSTEM
B81: Indicator 13. Observer Participation in Public Bidding
A82: 37 | B82: 13.a | C82: Observers are invited to attend stages of procurement as prescribed in the IRR | D82: =Questionnaire!R257 -> Fully Compliant | E82: =IF(D82="n/a","n/a",IF(D82=criteria!C77,criteria!$D$6,IF(D82=criteria!E77,criteria!$F$6,IF(D82=criteria!G77,criteria!$H$6,IF(D82=criteria!I77,criteria!$J$6,0))))) -> 3 | H82: Verify copies of Invitation Letters to CSOs and professional associations and COA (List and average number of CSOs and PAs invited shall be noted.)
B83: 13.b | C83: (b) Attendance of Observers in public bidding activities | D83: =IF(ISERROR(computation!C21), "n/a",computation!C21) -> n/a | E83: =IF(D83="n/a","n/a",IF(D83<criteria!E78,criteria!$D$6,IF(D83<criteria!G78,criteria!$F$6,IF(D83<criteria!I78,criteria!$H$6,criteria!$J$6)))) -> n/a | H83: PMRs and Abstract of Bids
B85: Indicator 14. Internal and External Audit of Procurement Activities
A86: 38 | B86: 14.a | C86: Creation and operation of Internal Audit Unit (IAU) that performs specialized procurement audits | D86: =Questionnaire!R269 -> Fully Compliant | E86: =IF(D86="n/a","n/a",IF(D86=criteria!C81,criteria!$D$6,IF(D86=criteria!E81,criteria!$F$6,IF(D86=criteria!G81,criteria!$H$6,IF(D86=criteria!I81,criteria!$J$6,0))))) -> 3 | H86: Verify copy of Order or show actual organizational chart showing IAU, auidt reports, action plans and IAU recommendations
A87: 39 | B87: 14.b | C87: Audit Reports on procurement related transactions | D87: =Questionnaire!R280 -> Above 90-100% compliance | E87: =IF(D87="n/a","n/a",IF(D87=criteria!C82,criteria!$D$6,IF(D87=criteria!E82,criteria!$F$6,IF(D87=criteria!G82,criteria!$H$6,IF(D87=criteria!I82,criteria!$J$6,0))))) -> 3 | H87: Verify COA Annual Audit Report on Action on Prior Year's Audit Recommendations
B89: Indicator 15. Capacity to Handle Procurement Related Complaints
A90: 40 | B90: 15.a | C90: The Procuring Entity has an efficient procurement complaints system and has the capacity to comply with procedural requirements | D90: =Questionnaire!R288 -> Substantially Compliant | E90: =IF(D90="n/a","n/a",IF(D90=criteria!C85,criteria!$D$6,IF(D90=criteria!E85,criteria!$F$6,IF(D90=criteria!G85,criteria!$H$6,IF(D90=criteria!I85,criteria!$J$6,0))))) -> 2 | H90: Verify copies of BAC resolutions on Motion for Reconsiderations, Protests and Complaints; Office Orders adopting mesures to address procurement-related complaints
B92: Indicator 16. Anti-Corruption Programs Related to Procurement
A93: 41 | B93: 16.a | C93: Agency has a specific anti-corruption program/s related to procurement | D93: =Questionnaire!R298 -> Substantially Compliant | E93: =IF(D93="n/a","n/a",IF(D93=criteria!C88,criteria!$D$6,IF(D93=criteria!E88,criteria!$F$6,IF(D93=criteria!G88,criteria!$H$6,IF(D93=criteria!I88,criteria!$J$6,0))))) -> 2 | H93: Verify documentation of anti-corruption program
D94: Average IV | E94: =IF(AND(E84="n/a",E88="n/a",E90="n/a",E93="n/a"),"n/a",AVERAGE(E82:E93)) -> 2.6
B95: GRAND TOTAL (Avarege I + Average II + Average III + Average IV / 4) | E95: =AVERAGE(E94,E79,E53,E33) -> 1.9227273
B97: * APCPI Rating is based on the APCPI Rating System found in Annex C of the User's Guide. Please use this rating system for the self-assessment. After completing the assessment, identify those Indicators with ratings of between 0 to 2 and formulate a procurement capacity development plan called the APCPI Action Plan based on the attached format and submit to GPPB for monitoring.
B99: * For sub-indicators that are not applicable to your specific agency, please write the word Not Applicable in the second column and do not put a rating
C102: Summary of APCPI Scores by Pillar
C104: APCPI Pillars | D104: Ideal Rating | E104: Agency Rating
A106: Pillar | B106: I | C106: Legislative and Regulatory Framework | D106: 3 | E106: =E33 -> 1
A107: Pillar | B107: II | C107: Agency Insitutional Framework and Management Capacity | D107: 3 | E107: =E53 -> 2
A108: Pillar | B108: III | C108: Procurement Operations and Market Practices | D108: 3 | E108: =E79 -> 2.0909091
A109: Pillar | B109: IV | C109: Integrity and Transparency of Agency Procurement Systems | D109: 3 | E109: =E94 -> 2.6
C110: Total (Pillar I+Pillar II+Pillar III+ PillarIV)/4 | D110: 3 | E110: =E95 -> 1.9227273

Sheet Action Plan
A1: Annex D
A3: PROCUREMENT CAPACITY DEVELOPMENT ACTION PLAN TEMPLATE
A5: Name of Agency: _PHILIPPINE NORMAL UNIVERSITY MINDANAO | F5: Period: ___2023____________
A7: Sub-Indicators | B7: Key Area for Development | D7: Proposed Actions to Address Key Areas | E7: Responsible Entity | F7: Timetable | G7: Resources Needed
A8: 1.a | B8: Percentage of competitive bidding and limited source bidding contracts in terms of amount of total procurement | C8: =VLOOKUP(A8,APCPI!B15:E93,4,FALSE) -> 0 | D8: Conduct seminar-workshop/webinar on Government Procurement update | E8: BAC, BAC Sec, TWG, End-Users, Technical Representatives | F8: within the year | G8: Resource speaker, venue, food & supplies
A9: 1.b | B9: Percentage of competitive bidding and limited source bidding contracts in terms of volume of total procurement | C9: =VLOOKUP(A9,APCPI!B16:E94,4,FALSE) -> 0 | D9: Conduct seminar-workshop/webinar on Government Procurement update | E9: BAC, BAC Sec, TWG, End-Users, Technical Representatives | F9: within the year | G9: Resource speaker, venue, food & supplies
A10: 2.a | B10: Percentage of shopping contracts in terms of amount of total procurement | C10: =VLOOKUP(A10,APCPI!B19:E97,4,FALSE) -> 0 | D10: Conduct seminar-workshop/webinar on Government Procurement update | E10: BAC, BAC Sec, TWG, End-Users, Technical Representatives | F10: within the year | G10: Resource speaker, venue, food & supplies
A11: 2.b | B11: Percentage of negotiated contracts in terms of amount of total procurement | C11: =VLOOKUP(A11,APCPI!B20:E98,4,FALSE) -> 0 | D11: Conduct seminar-workshop/webinar on Government Procurement update | E11: BAC, BAC Sec, TWG, End-Users, Technical Representatives | F11: within the year | G11: Resource speaker, venue, food & supplies
A12: 2.c | B12: Percentage of direct contracting in terms of amount of total procurement | C12: =VLOOKUP(A12,APCPI!B21:E99,4,FALSE) -> 2 | D12: Conduct seminar-workshop/webinar on Government Procurement update | E12: BAC, BAC Sec, TWG, End-Users, Technical Representatives | F12: within the year | G12: Resource speaker, venue, food & supplies
A13: 2.d | B13: Percentage of repeat order contracts in terms of amount of total procurement | C13: =VLOOKUP(A13,APCPI!B22:E100,4,FALSE) -> 3
A14: 2.e | B14: Compliance with Repeat Order procedures | C14: =VLOOKUP(A14,APCPI!B23:E101,4,FALSE) -> n/a
A15: 2.f | B15: Compliance with Limited Source Bidding procedures | C15: =VLOOKUP(A15,APCPI!B24:E102,4,FALSE) -> n/a
A16: 3.a | B16: Average number of entities who acquired bidding documents | C16: =VLOOKUP(A16,APCPI!B27:E105,4,FALSE) -> 0 | D16: Conduct seminar-workshop/webinar on bidding documents preparation | E16: BAC, BAC Sec, TWG, End-Users, Technical Representatives | F16: within the year | G16: Resource speaker, venue, food & supplies
A17: 3.b | B17: Average number of bidders who submitted bids | C17: =VLOOKUP(A17,APCPI!B28:E106,4,FALSE) -> 0 | D17: Conduct seminar-workshop/webinar on bidding documents preparation | E17: BAC, BAC Sec, TWG, End-Users, Technical Representatives | F17: within the year | G17: Resource speaker, venue, food & supplies
A18: 3.c | B18: Average number of bidders who passed eligibility stage | C18: =VLOOKUP(A18,APCPI!B29:E107,4,FALSE) -> 0 | D18: Conduct seminar-workshop/webinar on bidding documents preparation | E18: BAC, BAC Sec, TWG, End-Users, Technical Representatives | F18: within the year | G18: Resource speaker, venue, food & supplies
A19: 3.d | B19: Sufficiency of period to prepare bids | C19: =VLOOKUP(A19,APCPI!B30:E108,4,FALSE) -> 3
A20: 3.e | B20: Use of proper and effective procurement documentation and technical specifications/requirements | C20: =VLOOKUP(A20,APCPI!B31:E109,4,FALSE) -> 3
A21: 4.a | B21: Creation of Bids and Awards Committee(s) | C21: =VLOOKUP(A21,APCPI!B36:E114,4,FALSE) -> 3
A22: 4.b | B22: Presence of a BAC Secretariat or Procurement Unit | C22: =VLOOKUP(A22,APCPI!B37:E115,4,FALSE) -> 3
A23: 5.a | B23: An approved APP that includes all types of procurement | C23: =VLOOKUP(A23,APCPI!B40:E118,4,FALSE) -> 3
A24: 5.b | B24: Preparation of Annual Procurement Plan for Common-Use Supplies and Equipment (APP-CSE) and Procurement of Common-Use Supplies and Equipment from the Procurement Service | C24: =VLOOKUP(A24,APCPI!B41:E119,4,FALSE) -> 3
A25: 5.c | B25: Existing Green Specifications for GPPB-identified non-CSE items are adopted | C25: =VLOOKUP(A25,APCPI!B42:E120,4,FALSE) -> 0 | D25: conduct workshop/writeshop on how to prepare green technical specifications for GPPB identified non CSE items | E25: BAC, BAC Sec, TWG, End-Users, Technical Representatives | F25: within the year | G25: Venue, food, supplies and materials
A26: 6.a | B26: Percentage of bid opportunities posted by the PhilGEPS-registered Agency | C26: =VLOOKUP(A26,APCPI!B45:E123,4,FALSE) -> 0
A27: 6.b | B27: Percentage of contract award information posted by the PhilGEPS-registered Agency | C27: =VLOOKUP(A27,APCPI!B46:E124,4,FALSE) -> 0
A28: 6.c | B28: Percentage of contract awards procured through alternative methods posted by the PhilGEPS-registered Agency | C28: =VLOOKUP(A28,APCPI!B47:E125,4,FALSE) -> 2 | D28: Consolidate similar items in the APP to minimize the Alternative Mode of Procurement and maximize the use of Public Bidding | E28: BAC, BAC Sec, TWG, End-Users, Technical Representatives | F28: within the year | G28: Desktop Computer/Laptop
A29: 7.a | B29: Presence of website that provides up-to-date procurement information easily accessible at no cost | C29: =VLOOKUP(A29,APCPI!B50:E128,4,FALSE) -> 3
A30: 7.b | B30: Preparation of Procurement Monitoring Reports using the GPPB-prescribed format, submission to the GPPB, and posting in agency website | C30: =VLOOKUP(A30,APCPI!B51:E129,4,FALSE) -> 3
A31: 8.a | B31: Percentage of total amount of contracts signed within the assessment year against total amount in the approved APPs | C31: =VLOOKUP(A31,APCPI!B56:E134,4,FALSE) -> 3
A32: 8.b | B32: Percentage of total number of contracts signed against total number of procurement projects done through competitive bidding | C32: =VLOOKUP(A32,APCPI!B57:E135,4,FALSE) -> 0 | D32: Consolidate similar items in the APP to minimize the Alternative Mode of Procurement and maximize the use of Public Bidding | E32: BAC, BAC Sec, TWG, End-Users, Technical Representatives | F32: within the year | G32: Desktop Computer/Laptop
A33: 8.c | B33: Planned procurement activities achieved desired contract outcomes and objectives within the target/allotted timeframe | C33: =VLOOKUP(A33,APCPI!B58:E136,4,FALSE) -> 3
C34: =VLOOKUP(A34,APCPI!B59:E137,4,FALSE) -> #N/A
A35: 9.a | B35: Percentage of contracts awarded within prescribed period of action to procure goods | C35: =VLOOKUP(A35,APCPI!B61:E139,4,FALSE) -> 3
A36: 9.b | B36: Percentage of contracts awarded within prescribed period of action to procure infrastructure projects | C36: =VLOOKUP(A36,APCPI!B62:E140,4,FALSE) -> n/a
A37: 9.c | B37: Percentage of contracts awarded within prescribed period of action to procure consulting services | C37: =VLOOKUP(A37,APCPI!B63:E141,4,FALSE) -> n/a
A38: 10.a | B38: There is a system within the procuring entity to evaluate the performance of procurement personnel on a regular basis | C38: =VLOOKUP(A38,APCPI!B66:E144,4,FALSE) -> 3
A39: 10.b | B39: Percentage of participation of procurement staff in procurement training and/or professionalization program | C39: =VLOOKUP(A39,APCPI!B67:E145,4,FALSE) -> 0 | D39: Send Procurement Staff in procurement training and/or profesionalization program at least once a year | E39: Bids and Awards Committee | F39: within the year | G39: Availability of Funds
A40: 10.c | B40: The procuring entity has open dialogue with private sector and ensures access to the procurement opportunities of the procuring entity | C40: =VLOOKUP(A40,APCPI!B68:E146,4,FALSE) -> 3
A41: 11.a | B41: The BAC Secretariat has a system for keeping and maintaining procurement records | C41: =VLOOKUP(A41,APCPI!B71:E149,4,FALSE) -> 3
A42: 11.b | B42: Implementing Units has and is implementing a system for keeping and maintaining complete and easily retrievable contract management records | C42: =VLOOKUP(A42,APCPI!B72:E150,4,FALSE) -> 3
A43: 12.a | B43: Agency has defined procedures or standards in such areas as quality control, acceptance and inspection, supervision of works and evaluation of contractors’ performance | C43: =VLOOKUP(A43,APCPI!B75:E153,4,FALSE) -> 2 | D43: Establish a procurement monitoring system | E43: Bids and Awards Committee | F43: within the year | G43: Resource speaker, venue, food & supplies
A44: 12.b | B44: Timely Payment of Procurement Contracts | C44: =VLOOKUP(A44,APCPI!B77:E155,4,FALSE) -> 0 | D44: Establish a procurement monitoring system | E44: Bids and Awards Committee | F44: within the year | G44: Resource speaker, venue, food & supplies
A45: 13.a | B45: Observers are invited to attend stages of procurement as prescribed in the IRR | C45: =VLOOKUP(A45,APCPI!B82:E160,4,FALSE) -> 3
A46: 14.a | B46: Creation and operation of Internal Audit Unit (IAU) that performs specialized procurement audits | C46: =VLOOKUP(A46,APCPI!B86:E164,4,FALSE) -> 3
A47: 14.b | B47: Audit Reports on procurement related transactions | C47: =VLOOKUP(A47,APCPI!B87:E165,4,FALSE) -> 3
A48: 15.a | B48: The Procuring Entity has an efficient procurement complaints system and has the capacity to comply with procedural requirements | C48: =VLOOKUP(A48,APCPI!B90:E168,4,FALSE) -> 2 | D48: Establish a procurement monitoring system | E48: Bids and Awards Committee | F48: within the year | G48: Resource speaker, venue, food & supplies
A49: 16.a | B49: Agency has a specific anti-corruption program/s related to procurement | C49: =VLOOKUP(A49,APCPI!B93:E171,4,FALSE) -> 2 | D49: Create an anti-corruption program/s realated to procurement | E49: Bids and Awards Committee | F49: within the year | G49: Resource speaker, venue, food & supplies
